 Dungeon Crawl Stone Soup version 0.22-a0-362-g535178c (webtiles) character file.

10 Amnesiac the Grave Robber (level 2, -2/19 HPs)
             Began as a Mummy Necromancer on Apr 20, 2018.
             Slain by an adder (3 damage)
             ... on level 2 of the Dungeon.
             The game lasted 00:01:27 (319 turns).

Amnesiac the Grave Robber (Mummy Necromancer)        Turns: 319, Time: 00:01:28

Health: -2/19      AC:  2    Str: 11    XL:     2   Next: 10%
Magic:  0/6        EV: 12    Int: 14    God:
Gold:   38         SH:  0    Dex: 12    Spells: 6/7 levels left

rFire    x . .     SeeInvis .   (no weapon)
rCold    + . .     Gourm    .   (no shield)
rNeg     + + +     Faith    .   a - +0 robe
rPois    ∞         Spirit   .   (no helmet)
rElec    .         Reflect  .   (no cloak)
rCorr    .         Harm     .   (no gloves)
MR       .....                  (no boots)
Stlth    ++........             (no amulet)
HPRegen  0.06/turn              (no ring)
MPRegen  0.10/turn              (no ring)

@: no status effects
A: no food or potions, fire vulnerability, cold resistance 1, negative energy
resistance 3, torment resistance, unbreathing
a: no special abilities


You were on level 2 of the Dungeon.
You were not hungry.

You visited 1 branch of the dungeon, and saw 3 of its levels.

You collected 38 gold pieces.

Inventory:

Missiles
 d - 2 throwing nets (quivered)
 e - 45 stones
Armour
 a - a +0 robe (worn)
Scrolls
 b - a scroll of fog {!r, unknown}
 c - a scroll of fear {!r, unknown}
 f - a scroll of enchant armour {!r, unknown}


   Skills:
 - Level 1.5 Dodging
 - Level 1.5 Stealth
 + Level 3.2 Spellcasting
 + Level 4.2 Necromancy


You had 6 spell levels left.
You knew the following spells:

 Your Spells              Type           Power        Failure   Level  Hunger
a - Pain                  Necr           ##..         3%          1    N/A

Dungeon Overview and Level Annotations

Branches:
Dungeon (3/15)

Altars:


Innate Abilities, Weirdness & Mutations

You do not eat or drink.
Your flesh is vulnerable to fire.
You are immune to poison.
Your flesh is cold resistant. (rC+)
You are immune to negative energy. (rN+++)
You are immune to unholy pain and torment.
You can survive without breathing.


Message History

The worm writhes in agony!
Casting: Pain (safe; 3% risk of failure)
Confirm with . or Enter, or press ? or * to list all spells.
Aiming: Pain (safe; 3% risk of failure)
Press: ? - help, Shift-Dir - straight line, f/p - worm
Aim: a worm (moderately wounded, chance to defeat MR: 79%)
The worm writhes in agony!
The goblin hits you with a club.
There is a stone staircase leading up here.
You see here a stone.
The goblin hits you with a club. The worm misses you.
You climb upwards.
There is a stone staircase leading down here.
The worm bites you.
* * * LOW HITPOINT WARNING * * *
Found a lumpy red potion.
Casting: Pain (safe; 3% risk of failure)
Confirm with . or Enter, or press ? or * to list all spells.
Aiming: Pain (safe; 3% risk of failure)
Press: ? - help, Shift-Dir - straight line, f - goblin
Aim: a goblin, wielding a club (chance to defeat MR: 85%)
The goblin writhes in agony!
You kill the goblin!
Casting: Pain (safe; 3% risk of failure)
Confirm with . or Enter, or press ? or * to list all spells.
You don't have enough magic to cast that spell.
Found 20 stones.
A jackal and a kobold come into view.
A bat comes into view.
You see here 20 stones.
You see here 20 stones.
e - 45 stones (gained 20)
An adder comes into view.
The adder hisses angrily.
You hear a shout!
A rat comes into view.
A goblin comes into view.
You closely miss the adder. The adder bites you.
* * * LOW HITPOINT WARNING * * *
A hobgoblin comes into view. It is wielding a club.
Casting: Pain (safe; 3% risk of failure)
Confirm with . or Enter, or press ? or * to list all spells.
Aiming: Pain (safe; 3% risk of failure)
Press: ? - help, Shift-Dir - straight line, f - adder
Aim: an adder (chance to defeat MR: 79%)
The adder barely resists.
The hobgoblin shouts!
You hear a shout!
The adder bites you.
* * * LOW HITPOINT WARNING * * *
The adder bites you.
* * * LOW HITPOINT WARNING * * *
A rat comes into view.
Casting: Pain (safe; 3% risk of failure)
Confirm with . or Enter, or press ? or * to list all spells.
Aiming: Pain (safe; 3% risk of failure)
Press: ? - help, Shift-Dir - straight line, f/p - adder
Aim: an adder (chance to defeat MR: 79%)
The adder writhes in agony!
The adder closely misses you.
Casting: Pain (safe; 3% risk of failure)
Confirm with . or Enter, or press ? or * to list all spells.
Aiming: Pain (safe; 3% risk of failure)
Press: ? - help, Shift-Dir - straight line, f/p - adder
Aim: an adder (moderately wounded, chance to defeat MR: 79%)
The adder writhes in agony!
The adder bites you.
You die...

####..##....#........
#...w.###+###........
b...##.## #########
.#. #.# #.# #.# #.#
#.# #@# #S# #r#


gg. ..# #..# #.r# #... You could see a worm, an adder, a hobgoblin, a goblin and
2 rats.

Vanquished Creatures
  A bat (D:1)
  3 goblins
  2 hobgoblins (D:2)
  2 kobolds (D:2)
  A rat (D:3)
9 creatures vanquished.

Notes
Turn   | Place    | Note
-------+----------+-------------------------------------------
     0 | D:1      | Amnesiac the Mummy Necromancer began the quest for the Orb.
     0 | D:1      | Reached XP level 1. HP: 13/13 MP: 4/4
   222 | D:2      | Reached XP level 2. HP: 19/19 MP: 0/6
   319 | D:2      | Slain by an adder

Vault maps used:
D:1:      lemuel_arrival_hallway, nemelex_diamond_rough_becter
D:2:      minmay_statues_item, grunt_qazlal_sundering
D:3:      old_standard_altar, lemuel_round_altar, first_ration

Skill      XL: |  1 |
---------------+----+-----
Spellcasting   | 3 |  3.2
Dodging        | |  1.5
Stealth        | |  1.5
Necromancy     | |  4.2

Action                   || total
-------------------------++-------
Melee: Unarmed           ||     1
 Cast: Pain              ||    24
Armor: Robe              ||     1
Dodge: Dodged            ||     9

Table legend:
 A = Spawn XP
 B = Non-spawn XP
 C = Spawn XP percentage of total XP
 D = Spawn monster count
 E = Non-spawn monster count
 F = Spawn count percentage of total count
 G = Total turns spent on level
                    A         B        C        D         E        F      G
               +---------+---------+-------+---------+---------+-------+---------
         Total |       0 |      15 |   0.0 |       0 |       9 |   0.0 |   319
               +---------+---------+-------+---------+---------+-------+---------
           D:1 |       0 |       4 |   0.0 |       0 |       2 |   0.0 |    93
           D:2 |       0 |      10 |   0.0 |       0 |       6 |   0.0 |   216
           D:3 |       0 |       1 |   0.0 |       0 |       1 |   0.0 |    10
               +---------+---------+-------+---------+---------+-------+---------
